 Dungeon Crawl Stone Soup version 0.16.1-4-g8e1b745 (webtiles) character file.

42 ventricule the Vandal (level 3, -1/23 HPs)
             Began as an Octopode Arcane Marksman on Mar 27, 2015.
             Was an Initiate of Nemelex Xobeh.
             Killed by divine providence
             ... invoked by an orc priest
              (16 damage)
             ... on level 3 of the Dungeon.
             The game lasted 00:06:09 (1936 turns).

ventricule the Vandal (Octopode Arcane Marksman)    Turns: 1936, Time: 00:06:10

Health: -1/23      AC:  1    Str: 10    XL:     3   Next: 54%
Magic:  4/4        EV:  9    Int: 16    God:    Nemelex Xobeh [......]
Gold:   109        SH:  8    Dex: 11    Spells: 1 memorised, 3 levels left

rFire  . . .     SeeInvis .     (no weapon)
rCold  . . .     Clarity  .     n - +2 shield
rNeg   . . .     SustAb   .     (helmet restricted)
rPois  .         Gourm    .     (no amulet)
rElec  .         Spirit   .     (no ring)
rCorr  .         Warding  .     (no ring)
rMut   .         Stasis   .     (no ring)
MR     .....                    (no ring)
Stlth  ++........               (no ring)
                                (no ring)
                                (no ring)
                                (no ring)

@: lethally poisoned (-1 -> -6), not resistant to hostile enchantments,
unstealthy
A: almost no armour, amphibious, 8 rings, constrict 8, camouflage 1, gelatinous
body 1
a: Renounce Religion


You were on level 3 of the Dungeon.
You worshipped Nemelex Xobeh.
Nemelex Xobeh was noncommittal.
You were hungry.

You visited 1 branch of the dungeon, and saw 3 of its levels.

You collected 109 gold pieces.

Inventory:

Hand weapons
 b - a +0 hunting sling
Missiles
 c - 42 sling bullets
 j - 25 stones (quivered)
 k - 21 exploding sling bullets
Armour
 n - a +2 shield (worn)
Scrolls
 g - a scroll of fog {unknown}
 i - a scroll of random uselessness {unknown}
 m - a scroll of immolation {unknown}
 q - 3 scrolls of identify {unknown}
Potions
 h - a potion of restore abilities {unknown}
 o - a potion of brilliance {unknown}
 p - a potion of poison {unknown}
 r - a potion of ambrosia {unknown}
 s - a potion of curing {unknown}
 v - a potion of resistance {unknown}
Books
 d - a book of Debilitation

   Spells                             Type                      Level
   a - Corona                         Hexes                        1
   b - Slow                           Hexes                        2
   c - Inner Flame                    Hexes/Fire                   3
   d - Enslavement                    Hexes                        4
   e - Cause Fear                     Hexes                        4
   f - Leda's Liquefaction            Hexes/Earth                  4
Miscellaneous
 a - a plain deck of summoning {drawn: 5}
 e - a plain deck of escape
Comestibles
 f - a bread ration
 l - 7 fruits
 t - a beef jerky
 u - a slice of pizza


   Skills:
 - Level 1.0 Fighting
 - Level 3.6 Slings
 - Level 2.0 Dodging
 + Level 0.8 Shields
 - Level 1.0 Spellcasting
 - Level 3.0 Hexes


You had 3 spell levels left.
You knew the following spells:

 Your Spells              Type           Power        Failure   Level  Hunger
a - Corona                Hex            ##.....      45%         1    ##.....


Dungeon Overview and Level Annotations

Branches:
Dungeon (3/15)

Altars:
Nemelex Xobeh
Zin


Innate Abilities, Weirdness & Mutations

You cannot wear most types of armour.
You are amphibious.
You can wear up to eight rings at the same time.
You can use your tentacles to constrict many enemies at once.
Your skin changes colour to match your surroundings (Stealth).
Your rubbery body absorbs attacks (AC +1).


Message History

Attack!
An orc comes into view. It is wielding a whip.
You block the adder's attack.
You closely miss the adder. You grab the adder. You constrict the adder.
The adder barely misses you.
Your hand axe of Cheibriados' Regard {chop, Int+7} hits the adder but does no damage.
Your hand axe of Cheibriados' Regard {chop, Int+7} hits the orc but does no damage.
You tentacle-slap the adder but do no damage.
The adder is lightly wounded.
You constrict the adder. The adder barely misses you. The adder bites you.
You are poisoned.
The adder poisons you! The orc hits you.
You tentacle-slap the adder.
The adder is moderately wounded.
You constrict the adder.
You feel sick. You block the adder's attack.
The orc priest invokes the aid of Beogh against you.
Something smites you!
Ouch! That really hurt!
You die...
Your body disappears without a glow.

##. #.
####..###...
......#.......
................
...............?
.o.o..?........
#.o..........
#o.<..>.....
#@(?.%......
#.S........
#...........
#........###
#........#
#........#
##....... #<....
#..


You could see an orc priest, an adder, 2 orcs and a friendly hand axe of
Cheibriados' Regard {chop, Int+7}.

Vanquished Creatures
  An adder (D:2)
  A worm (D:2)
  A giant gecko (D:2)
  An orc (D:3)
  A giant cockroach (D:3)
  3 goblins (D:2)
  2 hobgoblins
  A kobold (D:1)
  7 bats
  2 giant newts (D:1)
  6 rats
26 creatures vanquished.

Vanquished Creatures (collateral kills)
  A worm (D:2)
  A bat (D:1)
  2 giant cockroaches
4 creatures vanquished.

Vanquished Creatures (others)
  A player illusion (D:2)
1 creature vanquished.

Grand Total: 31 creatures vanquished

Notes
Turn   | Place    | Note
--------------------------------------------------------------
     0 | D:1      | ventricule, the Octopode Arcane Marksman, began the quest for the Orb.
     0 | D:1      | Reached XP level 1. HP: 13/13 MP: 2/2
   106 | D:1      | Found a sparkling altar of Nemelex Xobeh.
   131 | D:1      | Became a worshipper of Nemelex Xobeh the Trickster
   181 | D:1      | Received a gift from Nemelex Xobeh
   539 | D:1      | Reached XP level 2. HP: 15/18 MP: 1/3
  1221 | D:2      | Found a glowing silver altar of Zin.
  1222 | D:2      | Noticed an angel
  1275 | D:2      | Reached XP level 3. HP: 21/23 MP: 1/4
  1474 | D:2      | Your ally ventricule died
  1936 | D:3      | Killed from afar by an orc priest

Action                   || total
-------------------------++-------
Melee: Unarmed           ||    70
 Cast: Corona            ||     5
Evoke: Deck              ||     5
 Stab: Sleeping          ||     5
  Eat: Chunk             ||     3
